Map: Ley Lines

Players

KimChiLoVer - Winner!

  • Race: Terran Terran
  • Spawn Location: 1:00

VOD

Have the link to the VOD?

Description

Time

  • Played on: Aug. 15, 2025, 9:32 p.m.
  • Length: 10:04
Show
View Real Time Build Order
Export as new Build Order

KimChiLoVer Terran - Winner!

Build Orders: Reaper Expand 

Get SALT Encoding   

  12  0:02  SCV  
  12  0:14  SCV  
  12  0:17  Supply Depot  
  12  0:26  SCV  
  12  0:39  SCV  
  12  0:40  Barracks  
  12  0:45  Refinery  
  12  0:51  SCV  
  12  1:03  SCV  
  12  1:15  SCV  
  12  1:28  Reaper  
  12  1:32  Orbital Command  
  12  1:39  Command Center  
  12  1:49  Supply Depot  
  12  1:58  SCV  
  12  2:03  Marine  
  12  2:05  Factory  
  12  2:11  SCV  
  12  2:12  Refinery  
  12  2:23  SCV  
  12  2:32  Barracks  
  12  2:35  SCV  
  12  2:39  Barracks  
  12  2:41  Barracks Reactor  
  12  2:47  SCV  
  12  2:51  Orbital Command  
  12  3:00  Factory Tech Lab  
  12  3:02  SCV  
  12  3:14  SCV  
  12  3:20  Marine x2  
  12  3:30  Command Center  
  12  3:32  Stimpack  
  12  3:34  Marine  
  12  3:38  SCV  
  12  3:40  SCV  
  12  3:46  Starport  
  12  3:48  Factory Reactor  
  12  3:55  SCV, Marine  
  12  3:56  Marine x2  
  12  3:59  SCV  
  12  4:06  Engineering Bay  
  12  4:09  Engineering Bay  
  12  4:15  SCV x2  
  12  4:17  Marine x2  
  12  4:33  Marine x2  
  12  4:35  Medivac  
  12  4:38  Factory Tech Lab, Terran Infantry Weapons Level 1  
  12  4:39  Terran Infantry Armor Level 1  
  12  4:41  Medivac  
  12  4:44  Orbital Command  
  12  4:52  Barracks  
  12  4:53  SCV  
  12  5:01  SCV  
  12  5:02  Barracks  
  12  5:05  SCV  
  12  5:07  Marine x3  
  12  5:12  Siege Tank  
  12  5:14  SCV  
  12  5:20  Supply Depot  
  12  5:22  Refinery  
  12  5:23  Supply Depot  
  12  5:26  SCV x3  
  12  5:30  Combat Shield  
  12  5:33  Barracks Tech Lab  
  12  5:40  Refinery  
  12  5:41  Marine  
  12  5:42  SCV x3  
  12  5:44  Supply Depot  
  12  5:45  Orbital Command  
  12  5:47  Supply Depot  
  12  5:54  SCV x2  
  12  6:02  Marine x3, Marauder x2  
  12  6:04  Barracks Reactor  
  12  6:12  Barracks  
  12  6:13  Barracks  
  12  6:15  Armory  
  12  6:19  Supply Depot x2  
  12  6:22  SCV  
  12  6:23  SCV x2  
  12  6:26  Barracks Reactor  
  12  6:31  Barracks  
  12  6:35  Concussive Shells, SCV x2  
  12  6:36  Siege Tank  
  12  6:37  Medivac  
  12  6:40  Medivac  
  12  6:54  Marine x2  
  12  6:59  Command Center  
  12  7:04  Marine  
  12  7:05  Barracks Tech Lab  
  12  7:06  Barracks Tech Lab  
  12  7:08  Terran Infantry Weapons Level 2  
  12  7:09  Terran Infantry Armor Level 2  
  12  7:11  SCV  
  12  7:12  SCV x2  
  12  7:17  Refinery  
  12  7:19  Marauder x2  
  12  7:26  SCV x2, Starport  
  12  7:30  Supply Depot  
  12  7:36  Supply Depot  
  12  7:39  SCV x3  
  12  7:45  Marine x4  
  12  7:46  Marine x3  
  12  7:48  Barracks Reactor  
  12  7:51  SCV, Marauder x2  
  12  8:01  Marauder  
  12  8:03  Viking x2, Marine x2  
  12  8:06  Terran Vehicle And Ship Armor Level 1  
  12  8:08  Starport Reactor  
  12  8:14  Marine x5, Marauder x2  
  12  8:18  Supply Depot  
  12  8:21  Supply Depot, Siege Tank  
  12  8:27  Orbital Command  
  12  8:29  SCV x3  
  12  8:34  Refinery  
  12  8:35  Marine x3, Marauder x2  
  12  8:36  Marine  
  12  8:40  Viking  
  12  8:48  Viking x2  
  12  8:51  Medivac  
  12  8:53  SCV x4  
  12  9:01  Marine  
  12  9:02  Marine x2, Marauder x2  
  12  9:05  SCV  
  12  9:10  Supply Depot  
  12  9:12  Supply Depot  
  12  9:27  Marine x3  
  12  9:28  SCV, Marauder x2  
  12  9:31  Marine x6  
  12  9:32  Marauder  
  12  9:37  Supply Depot  
  12  9:38  Supply Depot  
  12  9:45  Marine x3  
  12  9:46  SCV x2  
  12  9:59  Supply Depot  
Tags
 
Add a new tag
Caveats
  • Supply blocks, unpowered buildings, or Contaminate may cause inaccurate times.
  • Supply counts are checked every 10 seconds.